 Dungeon Crawl Stone Soup version 0.25-a0-496-g8c4878dea3 (webtiles) character file.

Game seed: 13890354597244635345, levelgen mode: deterministic

163 BeastOfSaturn the Grave Robber (level 5, -6/35 HPs)
             Began as a Demonspawn Necromancer on Feb 12, 2020.
             Killed by divine providence
             ... invoked by an orc priest
              (15 damage)
             ... on level 2 of the Dungeon.
             The game lasted 00:12:17 (3311 turns).

BeastOfSaturn the Grave Robber (DsNe)               Turns: 3311, Time: 00:12:18

Health: -6/35      AC:  7    Str:  9    XL:     5   Next: 20%
Magic:  5/9        EV: 12    Int: 17    God:
Gold:   103        SH:  0    Dex: 18    Spells: 4/9 levels left

rFire    + . .     SeeInvis .   r - +3 short sword
rCold    . . .     Gourm    .   (no shield)
rNeg     . . .     Faith    .   f - +0 leather armour (curse)
rPois    .         Spirit   .   (no helmet)
rElec    .         Reflect  .   p - +0 cloak
rCorr    .         Harm     .   i - +0 pair of gloves
MR       .....                  (no boots)
Stlth    +++.......             (no amulet)
HPRegen  0.11/turn              k - +5 ring of dexterity
MPRegen  0.11/turn              m - ring of protection from fire

@: no status effects
A: hooves 1, iridescent scales 1, nightstalker 1
a: no special abilities


You were on level 2 of the Dungeon.
You were not hungry.

You visited 1 branch of the dungeon, and saw 3 of its levels.

You collected 103 gold pieces.

Inventory:

Hand Weapons
 e - a +1 mace
 r - a +3 short sword (weapon)
Missiles
 b - 3 javelins (quivered)
Armour
 a - a +0 robe
 f - a cursed +0 leather armour (worn)
 i - a +0 pair of gloves (worn)
 j - a +0 leather armour of magic resistance
 p - a +0 cloak (worn)
Jewellery
 k - a +5 ring of dexterity (left hand)
 m - a ring of protection from fire (right hand)
 s - a cursed ring of teleportation {unknown}
Scrolls
 n - 2 scrolls of identify
Potions
 d - 4 potions of haste {unknown}
 g - a potion of curing
 h - 2 potions of degeneration {unknown}
 l - a potion of brilliance {unknown}
 o - 2 potions of agility {unknown}
Comestibles
 c - 2 rations


   Skills:
 + Level 0.7 Maces & Flails
 * Level 1.9 Armour
 + Level 1.8 Dodging
 - Level 1.7 Stealth
 + Level 2.8 Spellcasting
 * Level 5.9 Necromancy


You had 4 spell levels left.
You knew the following spells:

 Your Spells              Type           Power        Failure   Level  Hunger
a - Pain                  Necr           ###.         2%          1    #......
b - Vampiric Draining     Necr           ###.......   6%          3    ###....
c - Animate Skeleton      Necr           N/A          2%          1    #......

Your spell library contained the following spells:

 Spells                   Type           Power        Failure   Level  Hunger
 Animate Dead             Necr           N/A          22%         4    #####..
 Agony                    Necr           ###.....     52%         5    ######.


Dungeon Overview and Level Annotations

Branches:
Dungeon (3/15)

Altars:
Qazlal

Annotations:
D:3 2 transporters, LennartNight's ghost, amateur MfSk


Innate Abilities, Weirdness & Mutations

You have large cloven feet.
You are partially covered in iridescent scales. (AC +2)
You are slightly more attuned to the shadows.


Message History

The orc priest barely resists.
The orc priest hits you. The orc hits you.
You closely miss the orc priest.
The orc priest is heavily wounded.
The orc priest barely misses you. The orc closely misses you.
You barely miss the orc priest.
The orc priest is heavily wounded.
The orc priest hits you. The orc hits you.
You hit the orc priest but do no damage.
The orc priest is heavily wounded.
The orc priest misses you. The orc hits you.
* * * LOW HITPOINT WARNING * * *
Casting: Pain (safe; 2% risk of failure)
Confirm with . or Enter, or press ? or * to list all spells.
Aiming: Pain (safe; 2% risk of failure)
Press: ? - help, Shift-Dir - straight line, f/p - orc priest
Aim: an orc priest, wearing a +0 scale mail (heavily wounded, chance to defeat MR: 81%)
The orc priest barely resists.
The orc priest misses you.
The orc priest calls down the wrath of Beogh upon you.
Beogh smites you!
You die...

...#
#.........###.......≈...≈.#
#### #.........#
#.≈...........# [..#
########### ##..####..#####
##.### ##.####.## .....#
#..##..# ##.#.#############
##.##.## ##.#.............#
#....#
....############.#####.###
................@.oo..>..#
##.###########.#.#####.[.##
##### #.#
#.......).#.....#..).# #....
##.#
#.........#####.#....###....
...#
#.........g.......#...##....
####
#.........#####.###.#.......
#.......g..# #.#...........
#..........# #.#...........
#.......<..# #.#...........


You could see an orc priest and an orc.

Vanquished Creatures
  7 adders
  4 gnolls (D:2)
  2 worms (D:2)
  3 leopard geckos
  2 orcs
  5 giant cockroaches
  5 goblins
  5 hobgoblins
  7 kobolds
  3 bats
  5 frilled lizards
  A quokka skeleton (D:3)
  5 rats
54 creatures vanquished.

Vanquished Creatures (collateral kills)
  An orc (D:3)
  A kobold (D:3)
2 creatures vanquished.

Grand Total: 56 creatures vanquished

Notes
Turn   | Place    | Note
-------+----------+-------------------------------------------
     0 | D:1      | BeastOfSaturn the Demonspawn Necromancer began the quest
                  | for the Orb.
     0 | D:1      | Reached XP level 1. HP: 13/13 MP: 3/3
   314 | D:1      | Gained mutation: You are partially covered in iridescent
                  | scales. (AC +2) [demonic ancestry]
   314 | D:1      | Reached XP level 2. HP: 18/19 MP: 1/5
   450 | D:1      | You fall into a shaft and drop 1 floor!
   450 | D:2      | Found a stormy altar of Qazlal.
   756 | D:2      | Reached skill level 5 in Necromancy
   817 | D:2      | Reached XP level 3. HP: 23/24 MP: 3/6
  1196 | D:2      | Reached skill level 1 in Armour
  1927 | D:2      | Learned a level 3 spell: Vampiric Draining
  1948 | D:2      | Gained mutation: You are slightly more attuned to the
                  | shadows. [demonic ancestry]
  1948 | D:2      | Reached XP level 4. HP: 22/30 MP: 0/7
  2078 | D:2      | Learned a level 1 spell: Animate Skeleton
  2921 | D:3      | Found a transporter.
  2929 | D:3      | Found a transporter.
  2931 | D:3      | Gained mutation: You have large cloven feet. [demonic
                  | ancestry]
  2931 | D:3      | Reached XP level 5. HP: 34/35 MP: 9/9
  2937 | D:3      | Noticed LennartNight's ghost (amateur MfSk)
  3311 | D:2      | Killed from afar by an orc priest

Levels and vault maps discovered:
D:1:      dpeg_arrival_rhombus, layout_rooms
D:2:      layout_basic, nicolae_qazlal_general_emergency, first_ration,
          minmay_misc_feat_tower
D:3:      minmay_diamond_boxcup, layout_basic, nicolae_overflow_crystal_walls,
          gammafunk_ghost_stat_death, lightli_sewer_entry_pipes,
          lemuel_old_faithful

Skill      XL: |  1  2  3 |
---------------+----------+-----
Necromancy     | 5 |  5.9
Armour         | 1 |  1.9
Maces & Flails | |  0.7
Dodging        | |  1.8
Stealth        | |  1.7
Spellcasting   | |  2.8

Action                   |  1- 3 |  4- 6 || total
-------------------------+-------+-------++-------
Melee: Mace              |    39 |    25 ||    64
       Short sword       |       |    34 ||    34
       Kick              |       |     9 ||     9
 Cast: Pain              |    50 |    33 ||    83
       Vampiric Draining |     1 |       ||     1
       Animate Skeleton  |       |     4 ||     4
  Use: Scroll            |     3 |     1 ||     4
       Potion            |     1 |       ||     1
 Stab: Sleeping          |       |     5 ||     5
  Eat: Ration            |     1 |     2 ||     3
       Chunk             |       |     1 ||     1
Armor: Leather armour    |    27 |    20 ||    47
Dodge: Dodged            |    41 |    56 ||    97

Table legend:
 A = Non-vault XP
 B = Vault XP
 C = Vault XP percentage of total XP
 D = Non-vault monster count
 E = Vault monster count
 F = Vault count percentage of total count
                 A         B        C        D         E       F
            +---------+---------+-------+---------+---------+-------
      Total |     233 |       0 |   0.0 |      56 |       0 |   0.0
            +---------+---------+-------+---------+---------+-------
        D:1 |      19 |       0 |   0.0 |      13 |       0 |   0.0
        D:2 |     161 |       0 |   0.0 |      25 |       0 |   0.0
        D:3 |      53 |       0 |   0.0 |      18 |       0 |   0.0
            +---------+---------+-------+---------+---------+-------
